 Dungeon Crawl Stone Soup version 0.28.0-62-gf88900778d (webtiles) character file.

Game seed: 11489061951216711523

6738 tkbsonic5 the Spear-Bearer (level 10, -13/124 HPs)
             Began as a Demonspawn Abyssal Knight on Feb 28, 2023.
             Was an Elder of Lugonu.
             Mangled by Snorg (15 damage)
             ... on level 10 of the Dungeon.
             The game lasted 00:25:32 (12111 turns).

tkbsonic5 the Spear-Bearer (DsAK)                  Turns: 12111, Time: 00:25:33

Health: -13/124    AC: 25    Str: 18    XL:     10   Next: 75%
Magic:  0/14       EV:  2    Int: 12    God:    Lugonu [****..]
Gold:   431        SH:  0    Dex: 13    Spells: 9/9 levels left

rFire   + + .      SeeInvis .   t - +7 spear of Hard Scrabble {elec, rF+ rC++}
rCold   + + .      Faith    +   (no shield)
rNeg    . . .      Spirit   +   (armour currently unavailable)
rPois   +          Reflect  .   (helmet currently unavailable)
rElec   .          Harm     .   (cloak currently unavailable)
rCorr   .          Rampage  .   (gloves currently unavailable)
Will    .....      NoTele   +   (boots currently unavailable)
Stlth   +.........              i - amulet of faith
HPRegen 0.30/turn               d - ring of protection from fire
MPRegen 0.28/turn               x - +4 ring of evasion

@: tree-form
A: stationary, stasis, torment immunity, boosted hp, (large bone plates 1), foul
stench 1, magic shield, magic regeneration, (demonic touch 2)
a: Renounce Religion, Depart the Abyss, Bend Space, Banish, Corrupt


You were on level 10 of the Dungeon.
You worshipped Lugonu.
Lugonu was greatly pleased with you.
You were a tree.
You visited 1 branch of the dungeon, and saw 10 of its levels.
You visited the Abyss 1 time.

You collected 431 gold pieces.

Inventory:

Hand Weapons
 a - the +2 falchion "Waomukhluc" {flame, rN+ rCorr}
   (You found it on level 8 of the Dungeon)

   It burns those it strikes, dealing additional fire damage.
   Big, fiery blades are also staple armaments of hydra-hunters.
   rN:        It protects you from negative energy.
   rCorr:     It protects you from acid and corrosion.
 e - a +0 longbow
 j - the +9 spear of Beogh's Esteem {vorpal, *Noise rPois rN+++ Str-2}
   (You found it on level 2 of the Dungeon)

   It inflicts extra damage upon your enemies.
   Str:       It affects your strength (-2).
   rPois:     It protects you from poison.
   rN:        It renders you almost immune to negative energy.
   *Noise:    It may make noises in combat.
 m - a +3 hunting sling
 s - a +4 spear of venom
 t - the +7 spear of Hard Scrabble (weapon) {elec, rF+ rC++}
   (You found it on level 9 of the Dungeon)

   It occasionally discharges a powerful burst of electricity upon striking a
   foe.
   rF:        It protects you from fire.
   rC:        It greatly protects you from cold.
Missiles
 g - 23 bolts
 l - 38 sling bullets
 n - 18 poisoned darts (quivered)
 v - 130 arrows
Armour
 b - +0 steam dragon scales
 p - a +0 plate armour (melded)
Jewellery
 d - a ring of protection from fire (left branch)
 i - an amulet of faith (around neck)
 x - a +4 ring of evasion (right branch)
Scrolls
 f - 5 scrolls of teleportation
Potions
 c - 2 potions of attraction
 o - 3 potions of brilliance
 q - a potion of curing
 r - a potion of haste {unknown}
 u - a potion of heal wounds {unknown}


   Skills:
 - Level 9.1 Fighting
 - Level 2.4(8.2) Axes
 * Level 12.3(12.4) Polearms
 - Level 1.7 Armour
 - Level 0.8 Dodging
 - Level 5.5 Invocations


You had 9 spell levels left.
You didn't know any spells.
Your spell library contained the following spells:

 Spells                   Type           Power      Damage    Failure   Level
 Animate Skeleton         Necr           0%         N/A       32%         1
 Apportation              Tloc           0%         N/A       32%         1
 Magic Dart               Conj           0%         1d3       32%         1
 Pain                     Necr           0%         1d4       32%         1
 Summon Small Mammal      Summ           0%         N/A       32%         1
 Call Imp                 Summ           0%         N/A       45%         2
 Ensorcelled Hibernation  Hex/Ice        0%         N/A       45%         2
 Passwall                 Tmut/Erth      0%         N/A       45%         2
 Searing Ray              Conj           0%         2d4       45%         2
 Mephitic Cloud           Conj/Pois/Air  0%         N/A       69%         3
 Swiftness                Air            0%         N/A       69%         3
 Fulminant Prism          Conj/Hex       0%         3d6       97%         4
 Agony                    Necr           0%         N/A       100%        5
 Excruciating Wounds      Necr           0%         N/A       100%        5


Dungeon Overview and Level Annotations

Branches:
Dungeon (10/15)            Temple (0/1) D:5            Lair (0/6) D:8
    Orc: D:9-12

Altars:
Ashenzari

Annotations:
D:3 3 runed translucent doors, Mickster's ghost, amateur DgEE
D:7 3 runed translucent doors, turdburglar's ghost, novice TrFi
D:10 Snorg


Innate Abilities, Weirdness & Mutations

You are a tree.
Your roots penetrate the ground, keeping you stationary.
You cannot be teleported.
You are immune to unholy pain and torment.
Your maximum health is greatly increased.
Your equipment is partially melded.
((You are partially covered in large bone plates. (SH +4)))
You may rarely emit foul miasma when damaged in melee.
When hurt, damage is shared between your health and your magic reserves.
You regenerate magic rapidly.
((Your touch may inflict irresistible damage on your foes.))


Message History

You reach to attack!
You puncture Snorg! Lightning courses through Snorg!
Snorg is moderately wounded.
Snorg rages.
You hit Snorg.
You touch Snorg.
Snorg is moderately wounded.
You hit Snorg.
You touch Snorg.
Snorg is moderately wounded.
You block Snorg's attack. Snorg claws you but does no damage.
You block Snorg's attack.
You barely miss Snorg.
Snorg is moderately wounded.
Snorg bites you!! Snorg claws you! Snorg barely misses you.
Press: ? - help, Shift-Dir - straight line, f/p - Snorg
Aim: Snorg (moderately wounded, berserk, poisoned, chance to affect: 51%)
You fail to use your ability.
Snorg looks more healthy.
Snorg barely misses you. Snorg closely misses you. x2
Press: ? - help, Shift-Dir - straight line, f/p - Snorg
Aim: Snorg (moderately wounded, berserk, chance to affect: 51%) Snorg resists with significant effort.
Snorg bites you!! Snorg closely misses you. Snorg barely misses you.
Snorg bites you! Snorg claws you!
* * * LOW HITPOINT WARNING * * *
Snorg claws you!
* * * LOW HITPOINT WARNING * * *
Okay, then.
Okay, then.
Okay, then.
Okay, then.
Okay, then.
Really quaff the potion of lignification?
You turn into a tree.
Your +0 plate armour melds into your body.
Your roots penetrate the ground.
Snorg bites you but does no damage. Snorg claws you!
* * * LOW HITPOINT WARNING * * *
Snorg claws you but does no damage.
You closely miss Snorg.
Snorg is moderately wounded.
Snorg bites you!
You die...

#########
#........
.######........
#(..(.T♣.≈≈≈≈≈≈
.######..≈#####
#..≈# ...≈#
...≈# ....≈#
##..≈# #..≈#


You could see Snorg (berserk).

Vanquished Creatures
  A boulder beetle (D:6)
  Pikel (D:4)
  Grinder (D:4)
  A shadow (D:9)
  A wyvern (D:7)
  6 yaks (D:8)
  A steam dragon (D:9)
  A water moccasin (D:6)
  A black bear (D:8)
  An ice beast (D:5)
  2 sky beasts
  2 ogres
  2 orc warriors
  A tengu (D:7)
  A boggart (D:7)
  A necrophage (D:5)
  4 centaurs
  2 phantoms
  A lemure (D:4)
  A kobold brigand (D:4)
  3 bullfrogs
  A gnoll sergeant (D:4)
  A wyvern skeleton (D:7)
  23 killer bees
  7 wights
  A howler monkey (D:7)
  2 centaur zombies
  4 jellies
  7 orc priests
  2 hounds
  2 bullfrog skeletons (D:6)
  An iguana (D:5)
  A killer bee zombie (D:8)
  3 orc wizards
  A hound skeleton (D:4)
  12 gnolls
  A howler monkey skeleton (D:7)
  10 adders
  2 white imps (D:6)
  3 worms
  12 orcs
  4 ball pythons
  10 endoplasms
  3 giant cockroaches
  9 goblins
  4 hobgoblins
  5 kobolds
  2 quokkas
  5 bats
  6 frilled lizards
  4 rats
183 creatures vanquished.

Notes
Turn   | Place    | Note
-------+----------+-------------------------------------------
     0 | Abyss:1  | tkbsonic5 the Demonspawn Abyssal Knight began the quest for
                  | the Orb.
     0 | Abyss:1  | Reached XP level 1. HP: 18/18 MP: 2/2
    37 | Abyss:1  | Noticed a fire bat
    38 | D:1      | Escaped the Abyss
   206 | D:1      | Gained mutation: Your touch may inflict minor irresistible
                  | damage on your foes. [demonic ancestry]
   206 | D:1      | Reached XP level 2. HP: 17/24 MP: 4/4
   351 | D:1      | Reached * piety under Lugonu
   778 | D:2      | Identified the +9 spear of Beogh's Esteem {vorpal, *Noise
                  | rPois rN+++ Str-2}
   913 | D:2      | Found a faded altar of an unknown god.
   927 | D:2      | Gained mutation: You may rarely emit foul miasma when
                  | damaged in melee. [demonic ancestry]
   927 | D:2      | Reached XP level 3. HP: 29/29 MP: 5/5
  1353 | D:3      | Found a runed translucent gate.
  1530 | D:3      | Reached skill level 1 in Polearms
  1691 | D:3      | Found a runed translucent gate.
  1691 | D:3      | Found a runed translucent gate.
  1901 | D:3      | Reached XP level 4. HP: 35/35 MP: 6/6
  1935 | D:3      | Found a broken altar of Ashenzari.
  2415 | D:3      | Noticed Mickster's ghost (amateur DgEE)
  2527 | D:4      | Reached skill level 2 in Polearms
  2682 | D:4      | Noticed Pikel
  2682 | D:4      | Noticed a lemure
  2682 | D:4      | Noticed a lemure
  2682 | D:4      | Noticed a lemure
  2684 | D:4      | Noticed a lemure
  2686 | D:4      | Killed a lemure
  2693 | D:4      | Killed Pikel
  2694 | D:4      | Reached skill level 4 in Polearms
  2694 | D:4      | Reached skill level 5 in Invocations
  2694 | D:4      | Gained mutation: You regenerate magic rapidly. [demonic
                  | ancestry]
  2694 | D:4      | Reached XP level 5. HP: 14/43 MP: 6/9
  2694 | D:4      | Reached XP level 6. HP: 16/50 MP: 6/10
  2694 | D:4      | Gained mutation: When hurt, damage is shared between your
                  | health and your magic reserves. [demonic ancestry]
  2694 | D:4      | Reached XP level 7. HP: 17/55 MP: 6/11
  3080 | D:4      | Reached ** piety under Lugonu
  3301 | D:4      | Reached skill level 5 in Fighting
  3401 | D:4      | Reached skill level 5 in Polearms
  4403 | D:4      | Noticed Grinder
  4418 | D:4      | Paralysed by Grinder for 4 turns
  4429 | D:4      | Killed Grinder
  4430 | D:4      | Reached skill level 6 in Polearms
  4430 | D:4      | Gained mutation: You are partially covered in large bone
                  | plates. (SH +4) [demonic ancestry]
  4430 | D:4      | Reached XP level 8. HP: 43/64 MP: 8/12
  4677 | D:5      | Entered Level 5 of the Dungeon
  5012 | D:5      | Found a staircase to the Ecumenical Temple.
  5130 | D:5      | Reached skill level 7 in Polearms
  5586 | D:6      | Reached skill level 8 in Polearms
  5860 | D:6      | Reached XP level 9. HP: 62/72 MP: 13/13
  6248 | D:6      | Noticed a boulder beetle
  7152 | D:6      | Killed a boulder beetle
  7153 | D:6      | Reached skill level 9 in Polearms
  8206 | D:7      | Reached *** piety under Lugonu
  8603 | D:7      | Noticed turdburglar's ghost (novice TrFi)
  8683 | D:7      | Reached skill level 10 in Polearms
  8831 | D:7      | Found a runed translucent gate.
  8835 | D:7      | Found a runed translucent gate.
  8837 | D:7      | Found a runed translucent gate.
  8957 | D:7      | Gained mutation: Your touch may inflict irresistible damage
                  | on your foes. [demonic ancestry]
  8957 | D:7      | Reached XP level 10. HP: 15/82 MP: 14/14
  9809 | D:8      | Found a staircase to the Lair.
  9879 | D:8      | Reached skill level 11 in Polearms
 10142 | D:8      | Identified the +2 falchion "Waomukhluc" {flame, rN+ rCorr}
 11123 | D:9      | Reached **** piety under Lugonu
 11784 | D:9      | Reached skill level 12 in Polearms
 11915 | D:9      | Identified the +7 spear of Hard Scrabble {elec, rF+ rC++}
 12101 | D:10     | Entered Level 10 of the Dungeon
 12101 | D:10     | Noticed Snorg
 12110 | D:10     | HP: 2/124 [Snorg (16)]
 12111 | D:10     | Mangled by Snorg

Illustrated notes

Levels and vault maps discovered:
D:1:      psy_arrival_conway, layout_rooms, minmay_lizard_pond
D:2:      layout_basic, hellmonk_ecumenical_altar_prayer_group
D:3:      layout_basic, mainiacjoe_overflow_alcove_1, ebering_ghost_rock_garden
D:4:      layout_gridville, uniq_pikel, uniq_grinder
D:5:      layout_basic, minmay_temple_entry_slanted
D:6:      layout_layer_cave, item_on_display_a
D:7:      layout_loops_ring, gammafunk_ghost_icy
D:8:      layout_loops_ring, dpeg_oklobed_lair
D:9:      layout_cross, serial_column_ruins, column_ruins_grid_1,
          column_ruins_columns_dead_end, column_ruins_columns_straight
D:10:     layout_loops_ring, nooodl_orcs_dogs, uniq_fannar, uniq_snorg

Skill      XL: |  1  2  3  4  5  6  7  8  9 10 |
---------------+-------------------------------+-----
Axes           | 2 |  2.4
Invocations    | 3 5 |  5.5
Polearms       | 1 4 6 8 10 12 | 12.3
Fighting       | 4 5 7 8 9 |  9.1
Armour         | |  1.7
Dodging        | |  0.8

Action                   |  1- 3 |  4- 6 |  7- 9 | 10-12 || total
-------------------------+-------+-------+-------+-------++-------
Melee: Hand axe          |    39 |       |       |       ||    39
       Spear             |    32 |    38 |   247 |   151 ||   468
       Touch             |     3 |     4 |    30 |    21 ||    58
       Punch             |       |       |     4 |     2 ||     6
Throw: Dart              |     2 |     4 |    26 |    21 ||    53
Invok: Depart the Abyss  |     1 |       |       |       ||     1
       Bend Space        |       |       |     6 |     1 ||     7
       Banish            |       |       |       |     1 ||     1
Evoke: Wand              |       |       |    22 |     5 ||    27
  Use: Scroll            |     5 |     1 |    11 |     2 ||    19
       Potion            |       |     1 |     4 |     2 ||     7
 Stab: Sleeping          |     1 |       |       |       ||     1
       Invisible         |       |       |     1 |     1 ||     2
Armor: Leather armour    |     6 |       |       |       ||     6
       Chain mail        |    20 |     9 |    56 |    42 ||   127
       Plate armour      |       |       |       |    33 ||    33
       Skin              |       |       |       |     2 ||     2
Dodge: Dodged            |    24 |    11 |    45 |    83 ||   163
Block: Other             |       |       |     9 |    25 ||    34
